 Dungeon Crawl Stone Soup version 0.28.0-45-g0d030f2227 (webtiles) character file.

Game seed: 15643348718946394974

39 Iusername the Firebug (level 3, -3/27 HPs)
             Began as a Draconian Fire Elementalist on Apr 5, 2022.
             Slain by an orc
             ... wielding a +2 short sword of speed
              (5 damage)
             ... on level 2 of the Dungeon.
             The game lasted 00:07:45 (2425 turns).

Iusername the Firebug (Draconian Fire Elementalist) Turns: 2425, Time: 00:07:46

Health: -3/27      AC:  5    Str: 12    XL:     3   Next: 26%
Magic:  5/6        EV: 12    Int: 15    God:
Gold:   47         SH:  0    Dex: 11    Spells: 6/7 levels left

rFire   . . .      SeeInvis .   e - +0 short sword
rCold   . . .      Faith    .   (no shield)
rNeg    . . .      Spirit   .   (armour unavailable)
rPois   .          Reflect  .   (helmet restricted)
rElec   .          Harm     .   (no cloak)
rCorr   .          Rampage  .   (no gloves)
Will    .....                   (no boots)
Stlth   ++........              (no amulet)
HPRegen 0.09/turn               (no ring)
MPRegen 0.10/turn               (no ring)

@: no status effects
A: AC +5, unfitting armour, cold-blooded
a: no special abilities


You were on level 2 of the Dungeon.
You visited 1 branch of the dungeon, and saw 2 of its levels.

You collected 47 gold pieces.

Inventory:

Hand Weapons
 e - a +0 short sword (weapon)
Missiles
 b - 3 boomerangs
Scrolls
 a - a scroll of blinking {unknown}
 f - 2 scrolls of identify {unknown}
 h - a scroll of fear {unknown}
 i - a scroll of vulnerability {unknown}
Potions
 c - 3 potions of lignification {unknown}
 g - a potion of resistance {unknown}


   Skills:
 + Level 0.4 Fighting
 + Level 0.1 Maces & Flails
 + Level 2.0 Dodging
 + Level 1.9 Stealth
 + Level 2.6 Spellcasting
 + Level 1.2 Conjurations
 + Level 3.4 Fire Magic


You had 6 spell levels left.
You knew the following spells:

 Your Spells              Type           Power      Damage    Failure   Level
a - Foxfire               Conj/Fire      36%        2x1d5     8%          1

Your spell library contained the following spells:

 Spells                   Type           Power      Damage    Failure   Level
 Scorch                   Fire           24%        2d6       8%          2
 Magic Dart               Conj           20%        1d4       13%         1
 Apportation              Tloc           2%         N/A       22%         1
 Sting                    Tmut/Pois      4%         1d3       22%         1
 Conjure Flame            Conj/Fire      9%         6-21      24%         3
 Inner Flame              Hex/Fire       7%         N/A       30%         3
 Call Imp                 Summ           1%         N/A       32%         2
 Poisonous Vapours        Pois/Air       2%         N/A       32%         2
 Mephitic Cloud           Conj/Pois/Air  3%         N/A       47%         3
 Gell's Gravitas          Tloc           1%         N/A       54%         3
 Lesser Beckoning         Tloc           1%         N/A       54%         3
 Teleport Other           Tloc           1%         N/A       54%         3
 Flame Wave               Conj/Fire      9%         2d5       61%         4
 Olgreb's Toxic Radiance  Pois           1%         N/A       91%         4
 Alistair's Intoxication  Tmut/Pois      0%         N/A       99%         5


Dungeon Overview and Level Annotations

Branches:
Dungeon (2/15)

Altars:


Innate Abilities, Weirdness & Mutations

Your plain brown scales are hard. (AC +5)
You cannot fit into any form of body armour.
You are cold-blooded and may be slowed by cold attacks.


Message History

The foxfire hits the orc.
You kill the orc!
The foxfire hits the orc.
The orc is severely wounded.
Casting: Foxfire (safe; 8% risk of failure)
Confirm with . or Enter, or press ? or * to list all spells.
You conjure some foxfire!
The orc hits you but does no damage.
The foxfire hits the orc.
You kill the orc!
The foxfire hits the orc.
The orc is almost dead.
Your Dodging skill increases to level 2!
Casting: Foxfire (safe; 8% risk of failure)
Confirm with . or Enter, or press ? or * to list all spells.
You miscast Foxfire.
You are very lightly contaminated with residual magic.
Nothing appears to happen.
The orc hits you with a +2 short sword of speed.
The orc hits you but does no damage.
The orc hits you with a +2 short sword of speed.
The orc closely misses you.
Your magical contamination has completely faded away.
The orc closely misses you. The orc closely misses you.
Found a stone staircase leading down.
The orc hits you with a +2 short sword of speed.
Casting: Foxfire (safe; 8% risk of failure)
Confirm with . or Enter, or press ? or * to list all spells.
You conjure some foxfire!
The orc hits you with a +2 short sword of speed.
The foxfire hits the orc but does no damage. x2
The orc hits you with a +2 short sword of speed.
The orc closely misses you.
The orc hits you with a +2 short sword of speed.
* * * LOW HITPOINT WARNING * * *
The orc closely misses you. The orc hits you with a +0 flail!
* * * LOW HITPOINT WARNING * * *
Unknown command.
The orc hits you with a +2 short sword of speed.
You die...

............#
##.#.#..#.#.#
............#
######..#.#.###
#..#......
#......###
#o.###.#
.#######oo# .#
.......@..# #
.#######.##
..... #######


You could see 3 orcs.

Vanquished Creatures
  An adder (D:2)
  2 dart slugs
  2 orcs (D:2)
  4 endoplasms
  2 goblins (D:1)
  2 hobgoblins
  2 jackals (D:1)
  A kobold (D:1)
  2 ball pythons (D:1)
  A bat (D:1)
  2 frilled lizards (D:1)
  2 rats (D:1)
23 creatures vanquished.

Vanquished Creatures (others)
  25 foxfires
25 creatures vanquished.

Grand Total: 48 creatures vanquished

Notes
Turn   | Place    | Note
-------+----------+-------------------------------------------
     0 | D:1      | Iusername the Draconian Fire Elementalist began the quest
                  | for the Orb.
     0 | D:1      | Reached XP level 1. HP: 14/14 MP: 3/3
   458 | D:1      | Reached XP level 2. HP: 19/20 MP: 3/5
  1879 | D:2      | Reached XP level 3. HP: 13/27 MP: 6/6
  2425 | D:2      | Slain by an orc

Illustrated notes

Levels and vault maps discovered:
D:1:      heliophobic_arrival_ceremonial_halls, layout_loops_ring,
          minmay_split_cup_small
D:2:      layout_basic, minivault_11

Skill      XL: |  1  2  3 |
---------------+----------+-----
Dodging        | 2 |  2.0
Fighting       | |  0.4
Maces & Flails | |  0.1
Stealth        | |  1.9
Spellcasting   | |  2.6
Conjurations   | |  1.2
Fire Magic     | |  3.4

Action                   || total
-------------------------++-------
Melee: Club              ||    44
       Tailslap          ||     6
       Short sword       ||    27
 Cast: Foxfire           ||    18
  Use: Potion            ||     1
Armor: Skin              ||    36
Dodge: Dodged            ||    94
